 Dungeon Crawl Stone Soup version 0.24-a0-535-gbb0d440638 (webtiles) character file.

Game seed: 15410872821408446507

289 Execuda the Chopper (level 6, 0/56 HPs)
             Began as a Minotaur Warper on Aug 10, 2019.
             Was a Follower of Makhleb.
             Slain by Grinder (2 damage)
             ... while paralysed by Grinder
             ... on level 4 of the Dungeon.
             The game lasted 00:02:34 (3296 turns).

Execuda the Chopper (Minotaur Warper)               Turns: 3296, Time: 00:02:35

Health: 0/56       AC:  9    Str: 17    XL:     6   Next: 9%
Magic:  7/7        EV:  2    Int: 10    God:    Makhleb [*.....]
Gold:   198        SH:  0    Dex: 10    Spells: 7/7 levels left

rFire    . . .     SeeInvis .   a - +0 hand axe
rCold    . . .     Gourm    .   (no shield)
rNeg     . . .     Faith    .   t - +0 scale mail
rPois    +         Spirit   .   (helmet restricted)
rElec    .         Reflect  .   q - +0 cloak
rCorr    .         Harm     .   (no gloves)
MR       .....                  (no boots)
Stlth    ..........             (no amulet)
HPRegen  0.18/turn              (no ring)
MPRegen  0.10/turn              o - ring of poison resistance (curse)

@: paralysed
A: retaliatory headbutt, hooves 1, horns 2, iridescent scales 1
a: Renounce Religion


You were on level 4 of the Dungeon.
You worshipped Makhleb.
Makhleb was aware of your devotion.
You were hungry.

You visited 1 branch of the dungeon, and saw 4 of its levels.

You collected 198 gold pieces.

Inventory:

Hand Weapons
 a - a +0 hand axe (weapon)
Missiles
 e - 5 boomerangs of dispersal (quivered)
Armour
 q - a +0 cloak (worn)
 t - a +0 scale mail (worn)
Jewellery
 o - a cursed ring of poison resistance (right hand)
 s - an uncursed ring of fire
Scrolls
 b - a scroll of random uselessness {unknown}
 c - a scroll of noise {unknown}
 d - a scroll of blinking
 h - a scroll of identify {unknown}
 i - a scroll of magic mapping {unknown}
 j - a scroll of enchant armour {unknown}
 n - 4 scrolls of teleportation {unknown}
 p - a scroll of amnesia {unknown}
 r - 2 scrolls of enchant weapon {unknown}
Potions
 k - a potion of ambrosia {unknown}
 l - a potion of curing
 u - a potion of heal wounds {unknown}
 v - a potion of berserk rage {unknown}
Comestibles
 f - 5 rations


   Skills:
 * Level 5.1 Fighting
 * Level 5.6 Axes
 - Level 1.0 Throwing
 - Level 1.2 Armour
 - Level 2.1 Dodging
 - Level 1.3 Spellcasting
   Level 2.1 Translocations
 + Level 2.0 Invocations


You had 7 spell levels left.
You didn't know any spells.
Your spell library contained the following spells:

 Spells                   Type           Power        Failure   Level  Hunger
 Apportation              Tloc           #.....       43%         1    ##.....
 Blink                    Tloc           N/A          56%         2    ###....
 Shroud of Golubria       Chrm/Tloc      #.....       73%         2    ###....
 Animate Skeleton         Necr           N/A          75%         1    ##.....
 Confusing Touch          Hex            #.....       75%         1    ##.....
 Summon Small Mammal      Summ           #...         75%         1    ##.....
 Gell's Gravitas          Tloc           #.........   80%         3    ####...
 Lesser Beckoning         Tloc           #.........   80%         3    ####...
 Teleport Other           Tloc           #.......     80%         3    ####...
 Passage of Golubria      Tloc           N/A          99%         4    #####..


Dungeon Overview and Level Annotations

Branches:
Dungeon (4/15)
 Temple: D:4-7

Altars:
Makhleb
Wu Jian
Yredelemnul
Zin

Annotations:
D:4 Grinder


Innate Abilities, Weirdness & Mutations

You reflexively headbutt those who attack you in melee.
You have a pair of horns on your head.
You have large cloven feet.
You are partially covered in iridescent scales. (AC +2)


Message History

The dart slug launches a dart at you. The slug dart hits you.
* * * LOW HITPOINT WARNING * * *
You hit Grinder.
Grinder is lightly wounded.
Grinder hits you.
* * * LOW HITPOINT WARNING * * *
You writhe in agony.
* * * LOW HITPOINT WARNING * * *
It was a potion of mutation.
You feel extremely strange.
Iridescent scales grow over part of your body.
Your feet thicken and deform.
Grinder gestures at you.
You suddenly lose the ability to move!
Grinder completely misses you.
The dart slug bites you but does no damage.
Grinder hits you.
* * * LOW HITPOINT WARNING * * *
Grinder hits you.
You die...

####...# #+## ..
.......#######..####...
.......#...............
.......#...............
..)....#...............
####..###....##)#########
..##..###....##)####....#
......'......#..w.......#
>...5g#......#>.@.......#
......#......#..5.......#
##.))##########...##....#
##(..# ######....# .....#
#.........# .....#
#...###'### ..†..#
#...##....# .....#
#.........# .....#
#.........#


You could see Grinder and a dart slug.

Vanquished Creatures
  An ogre (D:4)
  A scorpion (D:4)
  3 adders
  6 gnolls (D:4)
  An ooze (D:2)
  A worm (D:3)
  3 dart slugs
  2 leopard geckos (D:3)
  An orc (D:3)
  A ball python (D:4)
  5 bats
  5 giant cockroaches
  5 goblins
  7 hobgoblins
  2 quokkas
  2 frilled lizards
  5 kobolds
  9 rats
60 creatures vanquished.

Notes
Turn   | Place    | Note
-------+----------+-------------------------------------------
     0 | D:1      | Execuda the Minotaur Warper began the quest for the Orb.
     0 | D:1      | Reached XP level 1. HP: 18/18 MP: 1/1
   404 | D:1      | Reached XP level 2. HP: 25/25 MP: 3/3
   952 | D:2      | Reached XP level 3. HP: 25/31 MP: 4/4
  1058 | D:2      | Found a burning altar of Makhleb.
  1058 | D:2      | Noticed a blizzard demon
  1139 | D:2      | Noticed a hellwing
  1139 | D:2      | Noticed a ynoxinul
  1141 | D:2      | Became a worshipper of Makhleb the Destroyer
  2018 | D:3      | Reached XP level 4. HP: 21/40 MP: 5/5
  2273 | D:3      | Found an ornate altar of the Wu Jian Council.
  2460 | D:3      | Found a glowing silver altar of Zin.
  2464 | D:3      | Found a basalt altar of Yredelemnul.
  2696 | D:4      | Reached skill level 1 in Invocations
  2702 | D:4      | Reached * piety under Makhleb
  2811 | D:4      | Noticed an ogre
  2818 | D:4      | Killed an ogre
  2818 | D:4      | Reached skill level 5 in Axes
  2818 | D:4      | Reached XP level 5. HP: 32/47 MP: 6/6
  2981 | D:4      | Reached skill level 5 in Fighting
  2982 | D:4      | Noticed Grinder
  3012 | D:4      | Paralysed by Grinder for 3 turns
  3024 | D:3      | Reached XP level 6. HP: 10/56 MP: 7/7
  3293 | D:4      | Gained mutation: You are partially covered in iridescent
                  | scales. (AC +2) [potion of mutation]
  3293 | D:4      | Gained mutation: You have large cloven feet. [potion of
                  | mutation]
  3293 | D:4      | Paralysed by Grinder for 4 turns
  3295 | D:4      | HP: 2/56 [Grinder (3)]
  3296 | D:4      | Slain by Grinder

Levels and vault maps discovered:
D:1:      scummos_arrival_simple_crosswalls, layout_loops_ring
D:2:      layout_rooms, makhleb_altar_promises_db
D:3:      layout_basic, lemuel_doored_altar, overflow_temple_1_default,
          zin_statuary
D:4:      layout_gridville, uniq_grinder

Skill      XL: |  1  2  3  4  5 |
---------------+----------------+-----
Axes           | 3 4 5 |  5.6
Fighting       | 3 4 5 |  5.1
Invocations    | 1 2 |  2.0
Throwing       | |  1.0
Armour         | |  1.2
Dodging        | |  2.1
Spellcasting   | |  1.3
Translocations | |  2.1

Action                   |  1- 3 |  4- 6 || total
-------------------------+-------+-------++-------
Melee: Hand axe          |    94 |    73 ||   167
       Headbutt          |    11 |     7 ||    18
  Use: Potion            |       |     2 ||     2
  Eat: Chunk             |     3 |     4 ||     7
Armor: Leather armour    |    15 |     4 ||    19
       Scale mail        |       |    34 ||    34
Dodge: Dodged            |    56 |    57 ||   113

Table legend:
 A = Non-vault XP
 B = Vault XP
 C = Vault XP percentage of total XP
 D = Non-vault monster count
 E = Vault monster count
 F = Vault count percentage of total count
                 A         B        C        D         E       F
            +---------+---------+-------+---------+---------+-------
      Total |     414 |       0 |   0.0 |      60 |       0 |   0.0
            +---------+---------+-------+---------+---------+-------
        D:1 |      23 |       0 |   0.0 |      13 |       0 |   0.0
        D:2 |      40 |       0 |   0.0 |      13 |       0 |   0.0
        D:3 |      68 |       0 |   0.0 |      24 |       0 |   0.0
        D:4 |     283 |       0 |   0.0 |      10 |       0 |   0.0
            +---------+---------+-------+---------+---------+-------
